BL- RES
SPOKANE STAGS @ SUNNYVALE HACKERS
06/25/2052
 
TOP OF THE 1ST
Speedway Racers batting - Pitching for Springfield Knights : RHP Nick Erbacher
Pitching: RHP Nick Erbacher
Batting: RHB Bryan Medley 0-0: Fly out, F8 (Line Drive, 8RM)
Batting: LHB Kevin Farrington 0-0: Called Strike
0-1: Ball
1-1: Ground out U3 (Groundball, 3)
Batting: LHB Roger Lopez 0-0: Called Strike
0-1: Ball
1-1: Called Strike
1-2: Ball
2-2: Ball
3-2: Fly out, F8 (Line Drive, 8LM)
Top of the 1st over - 0 runs, 0 hits, 0 errors, 0 left on base; Speedway 0 - Springfield 0
BOTTOM OF THE 1ST
Springfield Knights batting - Pitching for Speedway Racers : RHP Leonardo Cruz
Pitching: RHP Leonardo Cruz
Batting: RHB Jose Camacho 0-0: Ball
1-0: Foul Ball, location: 2F
1-1: SINGLE (Groundball, 6D)
Batting: LHB Keith Stevens 0-0: Ball
1-0: Ball
2-0: Called Strike
2-1: Fly out, F3 (Popup, 34S)
Batting: LHB Ximena Salema 0-0: Ball
1-0: TRIPLE (Flyball, 89D)
Jose Camacho scores
Batting: RHB Jason McClure 0-0: Called Strike
0-1: Ball
1-1: Ball
2-1: Ground out 5-3 (Groundball, 5)
Batting: SHB Ernie Bonillas 0-0: Called Strike
0-1: Ball
1-1: Called Strike
1-2: Foul Ball, location: 2F
1-2: Foul Ball, location: 2F
1-2: Ball
2-2: Ground out 6-3 (Groundball, 6D)
Bottom of the 1st over - 1 run, 2 hits, 0 errors, 1 left on base; Speedway 0 - Springfield 1
TOP OF THE 2ND
Speedway Racers batting - Pitching for Springfield Knights : RHP Nick Erbacher
Batting: RHB Jose Regalado 0-0: Ball
1-0: Called Strike
1-1: Fly out, F8 (Flyball, 8RS)
Batting: LHB Bob Badillo 0-0: Swinging Strike
0-1: Foul Ball, location: 2F
0-2: Ball
1-2: Ball
2-2: SINGLE (Line Drive, 78M)
Batting: LHB Josh Cox 0-0: Ball
1-0: Ball
2-0: Called Strike
2-1: Foul Ball, location: 2F
2-2: Ball
3-2: Strikes out looking
Batting: RHB Brent Sahli 0-0: Ball
1-0: Called Strike
1-1: Foul Ball, location: 2F
1-2: Strikes out swinging
Top of the 2nd over - 0 runs, 1 hit, 0 errors, 1 left on base; Speedway 0 - Springfield 1
BOTTOM OF THE 2ND
Springfield Knights batting - Pitching for Speedway Racers : RHP Leonardo Cruz
Batting: SHB Adrian Fernandez 0-0: SINGLE (Line Drive, 9LS)
Batting: SHB Bill Young 0-0: Ball
1-0: Ball
2-0: Fly out, F6 (Flyball, 56D)
Batting: RHB Pedro Zavala 0-0: Foul Ball, location: 2F
0-1: Swinging Strike
0-2: Ball
1-2: Ball
2-2: Ball
3-2: Strikes out swinging
Batting: RHB Daniel Kemnitz 0-0: Foul Ball, location: 2F
0-1: 2-RUN HOME RUN (Flyball, 7D), Distance : 377 ft
Batting: RHB Jose Camacho 0-0: Ball
1-0: Fly out, F8 (Flyball, 8RM)
Bottom of the 2nd over - 2 runs, 2 hits, 0 errors, 0 left on base; Speedway 0 - Springfield 3
TOP OF THE 3RD
Speedway Racers batting - Pitching for Springfield Knights : RHP Nick Erbacher
Batting: SHB Alex Ramos 0-0: Foul Ball, location: 2F
0-1: Foul Ball, location: 2F
0-2: Foul Ball, location: 2F
0-2: Strikes out looking
Batting: LHB Al Amescua 0-0: Ground out 5-3 (Groundball, 5)
Batting: RHB Bryan Medley 0-0: Called Strike
0-1: Ball
1-1: Foul Ball, location: 2F
1-2: Fly out, F8 (Line Drive, 8RM)
Top of the 3rd over - 0 runs, 0 hits, 0 errors, 0 left on base; Speedway 0 - Springfield 3
BOTTOM OF THE 3RD
Springfield Knights batting - Pitching for Speedway Racers : RHP Leonardo Cruz
Batting: LHB Keith Stevens 0-0: Ball
1-0: Swinging Strike
1-1: Ball
2-1: Ball
3-1: Base on Balls
Batting: LHB Ximena Salema 0-0: SINGLE (Groundball, 4MD)
Keith Stevens to second
Runner from 2nd tries for 3rd, SAFE, throw by CF made to third
Batting: RHB Jason McClure 0-0: Called Strike
0-1: Foul Ball, location: 2F
0-2: Ball
1-2: Ball
2-2: Ball
3-2: Ground out 6-3 (Groundball, 6)
Keith Stevens scores
Ximena Salema to second
Batting: SHB Ernie Bonillas 0-0: Foul Ball, location: 2F
0-1: Ball
1-1: Ground out 5-3 (Groundball, 56)
Batting: SHB Adrian Fernandez 0-0: Called Strike
0-1: Ball
1-1: Ball
2-1: Ball
3-1: SINGLE (Groundball, 3S) (infield hit)
Ximena Salema to third
Batting: SHB Bill Young 0-0: Ball
1-0: Called Strike
1-1: Ground out U3 (Groundball, 3)
Bottom of the 3rd over - 1 run, 2 hits, 0 errors, 2 left on base; Speedway 0 - Springfield 4
TOP OF THE 4TH
Speedway Racers batting - Pitching for Springfield Knights : RHP Nick Erbacher
Batting: LHB Kevin Farrington 0-0: Ball
1-0: Swinging Strike
1-1: Ball
2-1: Foul Ball, location: 2F
2-2: Foul Ball, location: 2F
2-2: Ball
3-2: SINGLE (Flyball, 56D)
Batting: LHB Roger Lopez 0-0: Fielders Choice at 2nd, 3-6 (Groundball, 3)
Batting: RHB Jose Regalado 0-0: Ball
1-0: Ball
2-0: Called Strike
2-1: Ball
3-1: Swinging Strike
3-2: Fly out, F8 (Flyball, 8LXD)
Batting: LHB Bob Badillo 0-0: Called Strike
0-1: Ball
1-1: Ball
2-1: Swinging Strike
2-2: Foul Ball, location: 2F
2-2: Strikes out swinging
Top of the 4th over - 0 runs, 1 hit, 0 errors, 1 left on base; Speedway 0 - Springfield 4
BOTTOM OF THE 4TH
Springfield Knights batting - Pitching for Speedway Racers : RHP Leonardo Cruz
Batting: RHB Pedro Zavala 0-0: Ball
1-0: Swinging Strike
1-1: Ball
2-1: Ball
3-1: Ground out 5-3 (Groundball, 5)
Batting: RHB Daniel Kemnitz 0-0: Ball
1-0: Foul Ball, location: 2F
1-1: Ball
2-1: SOLO HOME RUN (Flyball, 78XD), Distance : 392 ft
Batting: RHB Jose Camacho 0-0: Called Strike
0-1: Ground out 5-3 (Groundball, 5)
Batting: LHB Keith Stevens 0-0: Swinging Strike
0-1: Ground out 6-3 (Groundball, 6)
Bottom of the 4th over - 1 run, 1 hit, 0 errors, 0 left on base; Speedway 0 - Springfield 5
TOP OF THE 5TH
Speedway Racers batting - Pitching for Springfield Knights : RHP Nick Erbacher
Batting: LHB Josh Cox 0-0: Called Strike
0-1: Ball
1-1: Ball
2-1: SINGLE (Line Drive, 8RS)
Batting: RHB Brent Sahli 0-0: Swinging Strike
0-1: Foul Ball, location: 2F
0-2: Strikes out swinging
Batting: SHB Alex Ramos 0-0: Fly out, F7 (Flyball, 78D)
Batting: LHB Al Amescua 0-0: Ball
1-0: Called Strike
1-1: Called Strike
1-2: Foul Ball, location: 2F
1-2: Foul Ball, location: 2F
1-2: SINGLE (Flyball, 89M)
Josh Cox to second
Runner from 2nd tries for 3rd, SAFE, throw by RF made to third
Batting: RHB Bryan Medley 0-0: Called Strike
0-1: Ball
1-1: Swinging Strike
1-2: Ball
2-2: Ball
3-2: Base on Balls
Al Amescua to second
Batting: LHB Kevin Farrington 0-0: Called Strike
0-1: Ball
Passed Ball!
Josh Cox scores
Al Amescua to third
Bryan Medley to second
1-1: Foul Ball, location: 2F
1-2: Ball
2-2: Foul Ball, location: 2F
2-2: SINGLE (Line Drive, 89S)
Al Amescua scores
Bryan Medley to third
Runner from 3rd tries for Home, SAFE, throw by RF to home
Batting: LHB Roger Lopez 0-0: Called Strike
0-1: Called Strike
0-2: Ball
1-2: Fly out, F7 (Flyball, 7LD)
Top of the 5th over - 3 runs, 3 hits, 0 errors, 1 left on base; Speedway 3 - Springfield 5
BOTTOM OF THE 5TH
Springfield Knights batting - Pitching for Speedway Racers : RHP Leonardo Cruz
Batting: LHB Ximena Salema 0-0: Called Strike
0-1: Foul Ball, location: 2F
0-2: Foul Ball, location: 2F
0-2: Ball
1-2: Ball
2-2: Strikes out swinging
Batting: RHB Jason McClure 0-0: Ball
1-0: Called Strike
1-1: Ball
2-1: Ball
3-1: Base on Balls
Batting: SHB Ernie Bonillas 0-0: Foul Ball, location: 2F
0-1: Ball
1-1: Called Strike
Jason McClure steals 2nd base
1-2: Ball
2-2: DOUBLE (Line Drive, 7LM)
Jason McClure scores
Pitching: RHP Luis Vasquez
Batting: SHB Adrian Fernandez 0-0: SINGLE (Groundball, 6MD)
Ernie Bonillas to third
Throwing error, E8
Ernie Bonillas scores
Adrian Fernandez to second
Batting: SHB Bill Young 0-0: Foul Ball, location: 2F
0-1: Ball
1-1: Ground out U3 (Groundball, 3)
Adrian Fernandez to third
Batting: RHB Pedro Zavala 0-0: Ball
1-0: Ball
2-0: Fly out, F8 (Line Drive, 8LM)
Bottom of the 5th over - 2 runs, 2 hits, 1 error, 1 left on base; Speedway 3 - Springfield 7
TOP OF THE 6TH
Speedway Racers batting - Pitching for Springfield Knights : RHP Nick Erbacher
Batting: RHB Jose Regalado 0-0: Ball
1-0: Ball
2-0: Ball
3-0: Called Strike
3-1: Swinging Strike
3-2: Ground out 6-3 (Groundball, 6S)
Batting: LHB Bob Badillo 0-0: Foul Ball, location: 2F
0-1: Ball
1-1: Ball
2-1: Ball
3-1: Base on Balls
Batting: LHB Josh Cox 0-0: Ball
1-0: Ball
2-0: Ball
3-0: Base on Balls
Bob Badillo to second
Batting: RHB Brent Sahli 0-0: Ball
1-0: Foul Ball, location: 2F
1-1: Ball
2-1: Ball
3-1: Swinging Strike
3-2: Fly out, F8 (Flyball, 8RXD)
Runner from 2nd tags up, SAFE at 3rd, no throw by CF
Pitching: RHP Vicente Estrada
Batting: SHB Alex Ramos 0-0: Ball
1-0: Ball
2-0: Called Strike
2-1: SINGLE (Groundball, 4MD)
Bob Badillo scores
Josh Cox to second
Runner from 2nd tries for 3rd, SAFE, throw by CF made to third
Batting: LHB Al Amescua 0-0: Called Strike
0-1: Ball
1-1: Fly out, F3 (Popup, 3F)
Top of the 6th over - 1 run, 1 hit, 0 errors, 2 left on base; Speedway 4 - Springfield 7
BOTTOM OF THE 6TH
Springfield Knights batting - Pitching for Speedway Racers : RHP Luis Vasquez
Batting: RHB Daniel Kemnitz 0-0: Ball
1-0: Ball
2-0: Ball
3-0: Base on Balls
Batting: RHB Jose Camacho 0-0: Called Strike
0-1: Ball
1-1: Ball
2-1: Swinging Strike
2-2: Fly out, F7 (Flyball, 7D)
Batting: LHB Keith Stevens 0-0: Ball
Passed Ball!
Daniel Kemnitz to second
1-0: Ground out 1-3 (Groundball, 34S)
Daniel Kemnitz to third
Batting: LHB Ximena Salema 0-0: SINGLE (Line Drive, 4MD)
Daniel Kemnitz scores
Batting: RHB Jason McClure 0-0: Ball
1-0: Foul Ball, location: 2F
1-1: Called Strike
1-2: SINGLE (Groundball, 6MD)
Ximena Salema to second
Runner from 2nd tries for 3rd, SAFE, no throw by CF
Batting: SHB Ernie Bonillas 0-0: Ball
1-0: Called Strike
1-1: Foul Ball, location: 2F
1-2: Strikes out swinging
Bottom of the 6th over - 1 run, 2 hits, 0 errors, 2 left on base; Speedway 4 - Springfield 8
TOP OF THE 7TH
Speedway Racers batting - Pitching for Springfield Knights : RHP Vicente Estrada
Batting: RHB Bryan Medley 0-0: Foul Ball, location: 2F
0-1: Ground out 5-3 (Groundball, 5S)
Batting: LHB Kevin Farrington 0-0: Foul Ball, location: 2F
0-1: Ball
1-1: Foul Ball, location: 2F
1-2: Foul Ball, location: 2F
1-2: Fly out, F9 (Line Drive, 9)
Batting: LHB Roger Lopez 0-0: Ball
1-0: Foul Ball, location: 2F
1-1: Ball
2-1: Swinging Strike
2-2: Ground out 4-3 (Groundball, 4M)
Top of the 7th over - 0 runs, 0 hits, 0 errors, 0 left on base; Speedway 4 - Springfield 8
BOTTOM OF THE 7TH
Springfield Knights batting - Pitching for Speedway Racers : RHP Luis Vasquez
Batting: SHB Adrian Fernandez 0-0: Called Strike
0-1: Ball
1-1: Called Strike
1-2: Strikes out swinging
Batting: SHB Bill Young 0-0: Ball
1-0: Ball
2-0: Ball
3-0: Called Strike
3-1: Foul Ball, location: 2F
3-2: DOUBLE (Flyball, 78D)
Batting: RHB Pedro Zavala 0-0: Ball
1-0: Ball
2-0: Ball
3-0: Base on Balls
Batting: RHB Daniel Kemnitz 0-0: Grounds into double play, 6-4-3 (Groundball, 6)
Bottom of the 7th over - 0 runs, 1 hit, 0 errors, 1 left on base; Speedway 4 - Springfield 8
TOP OF THE 8TH
Speedway Racers batting - Pitching for Springfield Knights : RHP Vicente Estrada
Batting: RHB Jose Regalado 0-0: Ball
1-0: Ball
2-0: Ball
3-0: Called Strike
3-1: Called Strike
3-2: Foul Ball, location: 2F
3-2: SINGLE (Line Drive, 9S)
Batting: LHB Bob Badillo 0-0: Ball
1-0: Foul Ball, location: 2F
1-1: Fly out, F9 (Flyball, 89S)
Batting: LHB Josh Cox 0-0: Ball
1-0: Fly out, F8 (Line Drive, 8RD)
Batting: RHB Brent Sahli 0-0: Called Strike
0-1: Called Strike
0-2: Ball
1-2: Ball
2-2: Foul Ball, location: 2F
2-2: Strikes out looking
Top of the 8th over - 0 runs, 1 hit, 0 errors, 1 left on base; Speedway 4 - Springfield 8
BOTTOM OF THE 8TH
Springfield Knights batting - Pitching for Speedway Racers : RHP Luis Vasquez
Pitching: RHP Tony Trujillo
Batting: RHB Jose Camacho 0-0: Ball
1-0: Ground out 6-3 (Groundball, 6)
Batting: LHB Keith Stevens 0-0: Called Strike
0-1: Foul Ball, location: 2F
0-2: Foul Ball, location: 2F
0-2: Foul Ball, location: 2F
0-2: Ball
1-2: SINGLE (Groundball, 34D)
Batting: LHB Ximena Salema 0-0: Called Strike
0-1: Ball
1-1: Foul Ball, location: 2F
1-2: Ball
2-2: Strikes out swinging
Batting: RHB Jason McClure 0-0: Called Strike
0-1: Ball
1-1: Called Strike
1-2: Strikes out swinging
Bottom of the 8th over - 0 runs, 1 hit, 0 errors, 1 left on base; Speedway 4 - Springfield 8
TOP OF THE 9TH
Speedway Racers batting - Pitching for Springfield Knights : RHP Vicente Estrada
Pitching: LHP Jake Peck
Batting: SHB Alex Ramos 0-0: Called Strike
0-1: Foul Ball, location: 2F
0-2: Strikes out swinging
Batting: LHB Al Amescua 0-0: Called Strike
0-1: Foul Ball, location: 2F
0-2: Strikes out swinging
Batting: RHB Bryan Medley 0-0: Called Strike
0-1: Swinging Strike
0-2: Strikes out swinging
Top of the 9th over - 0 runs, 0 hits, 0 errors, 0 left on base; Speedway 4 - Springfield 8
Wednesday, June 10th, 2020 - OOTP Baseball 20.8 Build 74